 Dungeon Crawl Stone Soup version 0.13.1-28-g3517093 (webtiles) character file.

212 Iskender the Sneak (level 4, -8/20 HPs)
             Began as a Felid Chaos Knight on Mar 13, 2014.
             Was a Plaything of Xom.
             Killed by divine providence
             ... invoked by an orc priest
              (9 damage)
             ... on Level 3 of the Dungeon.
             The game lasted 00:23:33 (4582 turns).

Iskender the Sneak (Felid Chaos Knight)             Turns: 4582, Time: 00:23:34

HP  -8/20        AC  1     Str  8      XL: 4   Next: 22%
MP   7/7         EV 18     Int 14      God: Xom
Gold 129         SH  0     Dex 15      Spells:  0 memorised,  3 levels left
Lives: 0, deaths: 1

Res.Fire  : . . .   See Invis. : +     - Unarmed
Res.Cold  : . . .   Warding    : .   (armour unavailable)
Life Prot.: . . .   Conserve   : .   (shield unavailable)
Res.Poison: .       Res.Corr.  : .   (helmet unavailable)
Res.Elec. : .       Clarity    : .   (cloak unavailable)
Sust.Abil.: . .     Spirit.Shd : .   (gloves unavailable)
Res.Mut.  : .       Stasis     : .   (boots unavailable)
Res.Rott. : .       Flight     : .   (no amulet)
Saprovore : . . .                    (no ring)
                                     m - ring of flight

@: quick, slightly resistant to hostile enchantments, very stealthy
A: paw claws, no armour, no advanced items, fangs 3, see invisible, carnivore 3,
speed 1, slow metabolism 1, AC +1
a: Renounce Religion, Evoke Flight


You were on level 3 of the Dungeon.
You worshipped Xom.
You were a special plaything of Xom.
You were not hungry.

You visited 1 branch of the dungeon, and saw 4 of its levels.

You collected 109 gold pieces.

Inventory:

Hand weapons
 q - a +0 blowgun
Comestibles
 c - 3 meat rations
 r - a chunk of goblin flesh
Scrolls
 a - a scroll of identify {unknown}
 b - 2 scrolls of remove curse {unknown}
 f - a scroll of enchant weapon I {unknown}
 g - a scroll of curse weapon {unknown}
 j - a scroll of fog {unknown}
 k - a scroll of curse jewellery {unknown}
 l - a scroll of noise {xom, unknown}
 n - a scroll of curse armour {unknown}
 o - a scroll of magic mapping {unknown}
 p - 2 scrolls of amnesia {unknown}
Jewellery
 m - a ring of flight (left paw)
Potions
 h - 2 potions of invisibility


   Skills:
 - Level 3.0 Fighting
 - Level 3.2 Dodging
 - Level 5.3 Stealth
 + Level 4.3 Unarmed Combat


You had 3 spell levels left.
You didn't know any spells.

Dungeon Overview and Level Annotations

Branches:
Dungeon (4/27)
 Temple: D:4-7

Altars:

Annotations:
D:2 Ijyb
D:3 exclusions: orc priest and orc wizard


Innate Abilities, Weirdness & Mutations

You cannot wear armour.
You are incapable of any advanced item manipulation.
Your paws have sharp claws.
You have razor-sharp teeth.
You have supernaturally acute eyesight.
You are carnivorous and can eat meat at any time.
You cover ground quickly.
You are covered in fur (AC +1).
You have a slow metabolism.


Message History

Something smites you!
You claw the orc!
The orc begins to bleed from its wounds!
The orc is severely wounded.
The orc barely misses you.
The orc priest invokes the aid of Beogh against you.
Something smites you!
* * * LOW HITPOINT WARNING * * *
You are too injured to fight recklessly!
You are too injured to fight recklessly!
You are too injured to fight recklessly!
You are too injured to fight recklessly!
You are too injured to fight recklessly!
You are too injured to fight recklessly!
You scratch the orc.
You kill the orc!
The orc priest calls down the wrath of Beogh upon you.
Something smites you!
You die...
Xom chuckles heartily!

#.... #.# ######
#.# #.# #.# ####
#.# #.o o. #.# #o#
#.# #.# #o#
#...#####.#
#######@#
#.......<.#
##########......)#
#...#######
.........#.#####.#
#.. ########.#.###
#.# #. #####)....#
#.# # #.........#
#.. #.#####.#.#
### #.# #.#.# #.#
#$#.#


You could see an orc priest and 2 orcs.

Vanquished Creatures
  A hound (D:4)
  An orc wizard (D:3)
  A hound skeleton (D:3)
  An adder (D:2)
  A worm (D:3)
  4 giant geckos
  An ooze (D:2)
  An orc (D:3)
  3 giant cockroaches
  7 goblins
  8 hobgoblins
  4 jackals (D:1)
  7 kobolds
  3 quokkas (D:3)
  A ball python (D:3)
  7 bats
  A giant cockroach zombie (D:4)
  4 giant newts
  10 rats
66 creatures vanquished.

Notes
Turn   | Place    | Note
--------------------------------------------------------------
     0 | D:1      | Iskender, the Felid Chaos Knight, began the quest for the Orb.
     0 | D:1      | Reached XP level 1. HP: 9/9 MP: 2/2
    66 | D:1      | Reached skill level 1 in Stealth
   367 | D:1      | XOM: harmless Trmt miscast
   478 | D:1      | Reached XP level 2. HP: 1/13 MP: 3/3
   747 | D:1      | XOM: mild Ice miscast
  1042 | D:1      | XOM: noise
  1378 | D:2      | Reached skill level 4 in Stealth
  1413 | D:2      | Reached XP level 3. HP: 12/16 MP: 5/5
  1413 | D:2      | XOM: repel stairs
  1468 | D:1      | XOM: summons 4 hostile shadow creatures
  1691 | D:1      | XOM: confuse monster(s)
  1799 | D:1      | XOM: mild Summ miscast
  1860 | D:1      | XOM: silly message
  1886 | D:1      | XOM: colour smoke trail
  2254 | D:2      | Noticed Ijyb
  2366 | D:2      | XOM: god gift: scroll labeled ZOEFOI PYNLULL
  2862 | D:3      | XOM is BORED!
  2862 | D:3      | XOM: summons 2 hostile shadow creatures
  3035 | D:3      | XOM: medium Necr miscast
  3143 | D:3      | XOM: draining
  3159 | D:3      | XOM: harmless Trmt miscast
  3320 | D:3      | XOM: harmless Trmt miscast
  3324 | D:3      | Reached XP level 4. HP: 10/20 MP: 7/7
  3395 | D:3      | XOM: noise
  3558 | D:3      | XOM: medium Trmt miscast
  4069 | D:2      | XOM: harmless Divn miscast
  4084 | D:2      | XOM: potion effect (brilliance)
  4368 | D:4      | Noticed an ogre
  4371 | D:4      | XOM: blink monster(s)
  4516 | D:4      | Reached skill level 5 in Stealth
  4557 | D:3      | HP: 1/20 [poisoned by a kobold]
  4571 | D:3      | HP: 1/20 [poisoned by a kobold]
  4573 | D:3      | Succumbed to a kobold's poison
  4574 | D:3      | Reached XP level 3. HP: 0/16 MP: 5/5
  4580 | D:3      | Reached XP level 4. HP: 18/20 MP: 7/7
  4581 | D:3      | HP: 1/20 [orc priest/divine providence (9)]
  4582 | D:3      | Killed from afar by an orc priest

Action                   |  1- 3 |  4- 6 || total
-------------------------+-------+-------++-------
Melee: Unarmed           |   180 |    78 ||   258
 Abil: Evoke Flight      |     2 |       ||     2
  Use: Potion            |       |     5 ||     5
       Scroll            |       |     2 ||     2
 Stab: Sleeping          |     7 |     1 ||     8
       Confused          |     1 |       ||     1
